 Dungeon Crawl Stone Soup version 0.27-a0-1200-g94dc6ad (webtiles) character file.

Game seed: 10699925176087368997

63 Meow the Stinger (level 4, 9/36 HPs)
             Began as a Naga Venom Mage on June 1, 2021.
             Quit the game on level 2 of the Dungeon.
             The game lasted 00:05:05 (1347 turns).

Meow the Stinger (Naga Venom Mage)                  Turns: 1347, Time: 00:05:05

Health: 9/36       AC:  2    Str: 10    XL:     4   Next: 9%
Magic:  0/8        EV:  9    Int: 17    God:
Gold:   72         SH:  0    Dex: 11    Spells: 2/9 levels left

rFire    . . .     SeeInvis +   a - +0 mace
rCold    . . .     Faith    .   (no shield)
rNeg     . . .     Spirit   .   d - +0 robe
rPois    +         Reflect  .   (no helmet)
rElec    .         Harm     .   (no cloak)
rCorr    .         Rampage  .   (no gloves)
Will     .....                  (no barding)
Stlth    ++........             (no amulet)
HPRegen  0.12/turn              f - ring of wizardry
MPRegen  0.11/turn              (no ring)

@: short of breath, very slow
A: AC +1, large, see invisible, deformed body, poison resistance, slowness 2,
spit poison 1, naga tail 1
a: Spit Poison


You were on level 2 of the Dungeon.
You visited 1 branch of the dungeon, and saw 2 of its levels.

You collected 72 gold pieces.

Inventory:

Hand Weapons
 a - a +0 mace (weapon)
Missiles
 b - 26 sling bullets
 c - 12 stones (quivered)
Armour
 d - a +0 robe (worn)
Jewellery
 f - a ring of wizardry (left hand)
Potions
 g - a potion of might {unknown}


   Skills:
 - Level 1.5 Dodging
 - Level 3.0 Stealth
 + Level 3.1 Spellcasting
 + Level 2.4 Conjurations
 - Level 1.0 Transmutations
 - Level 4.0 Poison Magic


You had 2 spell levels left.
You knew the following spells:

 Your Spells              Type           Power      Damage    Failure   Level
a - Sting                 Tmut/Pois      44%        1d5       2%          1
c - Mephitic Cloud        Conj/Pois/Air  9%         N/A       9%          3
C - Ignite Poison         Fire/Tmut/Pois 8%         N/A       11%         3

Your spell library contained the following spells:

 Spells                   Type           Power      Damage    Failure   Level
 Magic Dart               Conj           40%        1d5       2%          1
 Poisonous Vapours        Pois/Air       18%        N/A       4%          2
 Searing Ray              Conj           20%        3d3       4%          2
 Dazzling Flash           Conj/Hex       12%        N/A       13%         3
 Olgreb's Toxic Radiance  Pois           16%        N/A       13%         4
 Fulminant Prism          Conj/Hex       3%         3d6       38%         4
 Iskenderun's Mystic Bla  Conj/Tloc      6%         2d4       38%         4


Dungeon Overview and Level Annotations

Branches:
Dungeon (2/15)

Altars:

Annotations:
D:2 Robin


Innate Abilities, Weirdness & Mutations

Your serpentine skin is tough. (AC +1)
You have supernaturally acute eyesight. (SInv)
Armour fits poorly on your strangely shaped body.
Your system is resistant to poisons. (rPois)
You cover ground very slowly.
You can spit poison.
You have a snake-like lower body.


Message History

Aiming: Sting (safe; 2% risk of failure)
Press: ? - help, Shift-Dir - straight line, f/p - goblin
Aim: a goblin, wielding a +0 spear and wearing a +0 scale mail (heavily wounded, poisoned, 68% to hit)
The sting hits the goblin but does no damage.
The goblin looks even sicker.
The goblin is heavily wounded.
The goblin shouts!
The goblin hits you from afar with a +0 spear.
* * * LOW HITPOINT WARNING * * *
Unknown command.
You can't do that yet.
Unknown command.
Unknown command.
You have got your breath back.
You kill the goblin!
Things that are here:
a +0 dagger; a goblin corpse
Items here: $ ) [ †.
Robin roars a battlecry!
The goblins go into a battle-frenzy!
You see here an adder corpse.
Casting: Sting (safe; 2% risk of failure)
Confirm with . or Enter, or press ? or * to list all spells.
Aiming: Mephitic Cloud (dangerous; 9% risk of failure)
Press: ? - help, Shift-Dir - straight line, f - Robin
Aim: Robin, wielding a +0 dagger, wearing a +0 animal skin and wearing a +0 helmet (chance to affect: 91%)
The ball explodes into a vile cloud!
The stinking cloud engulfs Robin but does no damage.
Robin is engulfed in noxious fumes.
Robin appears confused.
Unknown command.
Press: ? - help, Shift-Dir - straight line, f/p - Robin
Aim: Robin, wielding a +0 dagger, wearing a +0 animal skin and wearing a +0 helmet (noxious fumes, lightly wounded, confused)
The splash of poison hits Robin.
Robin is moderately wounded.
Robin is engulfed in noxious fumes.
Robin appears confused.
An endoplasm comes into view.
Unknown command.
A goblin comes into view. It is wielding a +0 club.
You feel a bit more experienced.
Are you sure you want to abandon this character and quit the game? (Confirm with "yes".)

#.#.##.# #.#.# #.#
#.#.##.#####.#.# #.#
####............#.# #.#
#..........###...)# #.#
#.##.#.#.#........# #.# #
#.#.#.#####....# #.#
#.#.#.######.#.# #.#
#.##...J......g.#.#####.#
.........@######..........
##.######.# ########... #
#†########.†.)....
#..)g.gg...####.#)
#.########## #.#. #.# #.#g
#.# ..#g #.# ###g #.#


g You could see an endoplasm and a goblin (wandering).

Vanquished Creatures
  3 adders (D:2)
  3 endoplasms
  A giant cockroach (D:1)
  8 goblins
  2 hobgoblins
  4 jackals (D:1)
  4 ball pythons
  3 bats (D:1)
  2 frilled lizards
  3 rats (D:1)
33 creatures vanquished.

Notes
Turn   | Place    | Note
-------+----------+-------------------------------------------
     0 | D:1      | Meow the Naga Venom Mage began the quest for the Orb.
     0 | D:1      | Reached XP level 1. HP: 15/15 MP: 3/3
   145 | D:1      | Reached skill level 1 in Conjurations
   145 | D:1      | Reached XP level 2. HP: 22/22 MP: 5/5
   929 | D:2      | Reached XP level 3. HP: 15/28 MP: 0/7
  1066 | D:1      | Learned a level 3 spell: Mephitic Cloud
  1070 | D:1      | Learned a level 3 spell: Ignite Poison
  1317 | D:2      | Noticed Robin
  1327 | D:2      | Reached XP level 4. HP: 36/36 MP: 8/8
  1347 | D:2      | Quit the game

Illustrated notes

Levels and vault maps discovered:
D:1:      kilobyte_arrival_exit_the_forest, layout_rooms
D:2:      minmay_chambers_of_twos, layout_loops_ring, minmay_shallow_snake_nest,
          uniq_robin

Skill      XL: |  1  2  3 |
---------------+----------+-----
Conjurations   | 1 2 |  2.4
Spellcasting   | 3 |  3.1
Dodging        | |  1.5
Stealth        | |  3.0
Transmutations | |  1.0
Poison Magic   | |  4.0

Action                   |  1- 3 |  4- 6 || total
-------------------------+-------+-------++-------
Melee: Mace              |     2 |       ||     2
Throw: Stone             |    11 |       ||    11
 Cast: Sting             |    26 |     3 ||    29
       Mephitic Cloud    |       |     2 ||     2
 Abil: Spit Poison       |    31 |     3 ||    34
  Use: Potion            |     1 |     1 ||     2
Armor: Robe              |     3 |       ||     3
Dodge: Dodged            |     6 |     4 ||    10

Table legend: (Time is in decaauts)
 A = Elapsed time spent in this place.
 B = Non-inter-level travel time spent in this place.
 C = Inter-level travel time spent in this place.
 D = Time resting spent in this place.
 E = Time spent auto-exploring this place.
 F = Levels seen in this place.
 G = Mean time per level.
                   A        B        C        D        E       F      G
               +--------+--------+--------+--------+--------+-----+--------+
         Total |   1607 |   1596 |     11 |    548 |    500 |   2 |  803.5 |
       Dungeon |   1607 |   1596 |     11 |    548 |    500 |   2 |  803.5 |
               +--------+--------+--------+--------+--------+-----+--------+

Top non-repeatable levels by time:
     D:1: 1260 daAuts
     D:2: 346 daAuts
